[Event "Romanian Superliga 2024"]
[Site "Mamaia"]
[Date "2024.10.01"]
[Round "4.27"]
[White "Serban, Cristian-Stefan"]
[Black "Marin, Mihail"]
[Result "1-0"]
[ECO "E14"]
[WhiteElo "2269"]
[BlackElo "2455"]
[Annotator "TA"]
[PlyCount "91"]
[EventDate "2024.09.26"]
[EventType "team-tourn"]
[EventCountry "ROU"]
[SourceTitle "playchess.com"]
[Source "ChessBase"]
[SourceQuality "1"]
[TimeControl "40/5400+30:1800+30"]

1. d4 e6 2. c4 Nf6 3. Nf3 Bb4+ 4. Nbd2 b6 5. a3 Bxd2+ 6. Qxd2 Bb7 7. e3 a5 8. b3 d6 9. Be2 O-O 10. Bb2 Nbd7 11. O-O Ne4 12. Qc2 f5 {[%emt 0:00:04] [#]} 13. d5 $1 e5 {[%emt 0:10:07] Prevents Nd4. White is slightly better.} 14. Nd2 Nxd2 15. Qxd2 Qe7 16. f4 Nc5 {[%emt 0:05:31] White must now prevent ...exf4.} 17. Qc3 Ne4 (17... exf4 $5 18. exf4 Nxb3 $14) 18. Qc2 c6 19. fxe5 dxe5 {[%emt 0:02:06] [#]} 20. Rxf5 $1 Rxf5 21. Qxe4 Rf6 22. Qxe5 Qxe5 23. Bxe5 Rf5 24. Bd4 cxd5 25. Bg4 Rg5 26. Be6+ {[%emt 0:00:04] A strong pair of Bishops.} Kh8 $2 (26... Kf8 $11) 27. h4 $36 {[%emt 0:00:06][%cal Bh2h4,Bh4h5][%mdl 2080] White is really pushing.} (27. Bxb6 $2 dxc4 28. g3 Rg6 29. Bxc4 Rxb6 $19) 27... Rg6 28. cxd5 (28. Bxd5 Bxd5 29. cxd5 Kg8 $11) 28... Rd8 (28... Rxe6 $142 29. dxe6 Bd5) 29. h5 (29. Bxb6 Bxd5 30. Bxd8 Rxe6 $16) (29. e4 Rxe6 30. dxe6 Rxd4 $16) 29... Rxe6 30. dxe6 {[%emt 0:03:48][%cal Oa1f1][%mdl 4096] Endgame. Threatens to win with Rf1! KRB-KRB} Kg8 31. Rf1 ({Don't play} 31. Bxb6 Re8 32. Rd1 (32. Bxa5 Rxe6 33. Bd2 Re5 $18) 32... Rxe6) 31... Rf8 {[%emt 0:03:39] Wards off Rf7} 32. Rxf8+ Kxf8 33. Bxb6 {[%emt 0:00:04] KB-KB} Bd5 34. Bxa5 Bxb3 35. Bb4+ Ke8 36. e7 Kf7 37. h6 {[%emt 0:00:28] hxg7 would now be deadly.} gxh6 {[%emt 0:00:19][%mdl 8192] Loses the game.} (37... g5 $16 38. Kf2 Ba4) 38. Kf2 Ba4 39. Ke2 Bb5+ $2 (39... Bc6 40. g3 Ke6) 40. Kd2 {[%emt 0:00:00] White is clearly winning.} Ke6 41. Kc3 Kd5 42. Kb3 h5 43. a4 Bc6 44. g3 Be8 45. a5 Bf7 46. Kc3 {[%emt 0:00:07] Weighted Error Value: White=0.09 (flawless) /Black=0.24 (precise) .  Loses game:     	---       	Black=2      Mistake:       	---       	Black=1      Inaccurate:     	White=2     	Black=3      OK:         	White=11    	Black=14     Best:        	White=2     	Black=1      Brilliant:      	White=1     	---} 1-0

[Event "Romanian Superliga 2024"]
[Site "Mamaia"]
[Date "2024.10.01"]
[Round "4.28"]
[White "Miron, Lucian-Costin"]
[Black "Tampea, Radu"]
[Result "1-0"]
[ECO "E57"]
[WhiteElo "2473"]
[BlackElo "2226"]
[Annotator "RC"]
[PlyCount "65"]
[EventDate "2024.09.26"]
[EventType "team-tourn"]
[EventCountry "ROU"]
[SourceTitle "playchess.com"]
[Source "ChessBase"]
[SourceQuality "1"]
[TimeControl "40/5400+30:1800+30"]

1. d4 d5 2. c4 e6 3. Nc3 c5 4. e3 Nf6 5. Nf3 Nc6 6. a3 cxd4 7. exd4 dxc4 8. Bxc4 Be7 9. O-O O-O 10. Re1 b6 11. Ba2 Bb7 12. Qd3 Qd7 13. Bg5 Rad8 14. Rad1 Rfe8 15. Bb1 g6 16. Ba2 Nd5 17. Ne4 Bxg5 18. Nfxg5 Kg7 19. Nxh7 Qe7 20. Nhg5 f5 21. Qh3 Rh8 22. Qg3 fxe4 23. Rxe4 e5 24. Rde1 Rh5 25. h4 Nf6 26. R4e3 Rxd4 27. Ne6+ Kh7 28. Nxd4 Nxd4 29. Rxe5 Rxe5 30. Qxe5 Qxe5 31. Rxe5 Nf5 32. Bb1 Ng4 33. Rxf5 1-0

[Event "Romanian Superliga 2024"]
[Site "Mamaia"]
[Date "2024.10.01"]
[Round "4.29"]
[White "Padurariu, Mihai-Edward"]
[Black "Secheres, Adrian-Simion"]
[Result "1/2-1/2"]
[ECO "C55"]
[WhiteElo "2233"]
[BlackElo "2344"]
[Annotator "RC"]
[PlyCount "68"]
[EventDate "2024.09.26"]
[EventType "team-tourn"]
[EventCountry "ROU"]
[SourceTitle "playchess.com"]
[Source "ChessBase"]
[SourceQuality "1"]
[TimeControl "40/5400+30:1800+30"]

1. e4 e5 2. Nf3 Nc6 3. Bc4 Nf6 4. d3 h6 5. Nc3 d6 6. a4 a5 7. h3 Be7 8. O-O g5 9. d4 g4 10. dxe5 dxe5 11. Qxd8+ Bxd8 12. hxg4 Bxg4 13. Nh2 Nd4 14. Nxg4 Nxg4 15. Bd3 c6 16. Ne2 Bb6 17. Nxd4 Bxd4 18. c3 Bc5 19. Be2 h5 20. Bg5 Rg8 21. Bh4 Be7 22. Bxg4 hxg4 23. Bg3 f6 24. Rfd1 Rd8 25. Kf1 Kf7 26. Ke2 Ke6 27. Rxd8 Rxd8 28. Rd1 Rb8 29. Kd3 b5 30. axb5 cxb5 31. Kc2 a4 32. f4 gxf3 33. gxf3 b4 34. cxb4 Rxb4 1/2-1/2

[Event "Romanian Superliga 2024"]
[Site "Mamaia"]
[Date "2024.10.01"]
[Round "4.30"]
[White "Nastore, Pavel-Alexandru"]
[Black "Radu, David Cr."]
[Result "1-0"]
[ECO "C88"]
[WhiteElo "2252"]
[BlackElo "2159"]
[Annotator "RC"]
[PlyCount "79"]
[EventDate "2024.09.26"]
[EventType "team-tourn"]
[EventCountry "ROU"]
[SourceTitle "playchess.com"]
[Source "ChessBase"]
[SourceQuality "1"]
[TimeControl "40/5400+30:1800+30"]

1. e4 e5 2. Nf3 Nc6 3. Bb5 a6 4. Ba4 Nf6 5. O-O Be7 6. Re1 b5 7. Bb3 O-O 8. d3 d6 9. a4 Bb7 10. Nc3 b4 11. Ne2 Re8 12. Ng3 g6 13. Bg5 Bc8 14. h3 Na5 15. Ba2 c5 16. c3 Rb8 17. d4 Qc7 18. cxb4 Rxb4 19. dxe5 dxe5 20. Bd2 c4 21. Bxb4 Bxb4 22. Re2 Nd7 23. Nf1 Bb7 24. Qc2 Rc8 25. Rc1 Nb6 26. Ne3 Qe7 27. Nd2 Nc6 28. Nf3 Na5 29. Qb1 Kg7 30. Nd2 Qe6 31. Ndxc4 Naxc4 32. Nxc4 Rxc4 33. Rxc4 Nxc4 34. Qc1 a5 35. Qxc4 Qf6 36. Re3 Ba6 37. Qd5 Qe7 38. Rf3 f6 39. Qg8+ Kh6 40. Qe6 1-0

[Event "Romanian Superliga 2024"]
[Site "Mamaia"]
[Date "2024.10.02"]
[Round "5.1"]
[White "Mendonca, Leon Luke"]
[Black "Shevchenko, Kirill"]
[Result "1/2-1/2"]
[ECO "B67"]
[WhiteElo "2622"]
[BlackElo "2673"]
[Annotator "TA"]
[PlyCount "86"]
[EventDate "2024.09.26"]
[EventType "team-tourn"]
[EventCountry "ROU"]
[SourceTitle "playchess.com"]
[Source "ChessBase"]
[SourceQuality "1"]
[TimeControl "40/5400+30:1800+30"]

1. e4 c5 2. Nf3 Nc6 3. d4 cxd4 4. Nxd4 Nf6 5. Nc3 d6 6. Bg5 e6 7. Qd2 a6 8. O-O-O Bd7 9. Kb1 Be7 {[%emt 0:02:23] B67: Sicilian: Richter-Rauzer: 7...a6 8 0-0-0 Bd7, lines without 9 f4 Be7.} 10. Nxc6 Bxc6 11. f3 Qc7 $1 {[%emt 0:00:30][%mdl 4] is now more promising than 11...b5.} 12. h4 h6 13. Bf4 Rd8 14. Qf2 b5 15. Bd3 $146 ({Predecessor:} 15. g4 Rc8 16. a3 Nd7 17. Rg1 Rb8 18. Na2 a5 19. g5 hxg5 20. hxg5 b4 21. axb4 axb4 {½-½ Whelan,H (2137)-Bulbarela Garcia,C (2353) WZ-ch sf26 email 2021}) 15... Nd7 16. g4 Ne5 17. Be3 Rc8 18. Bd4 b4 19. Ne2 Nxd3 20. cxd3 O-O 21. Ng3 Bd7 22. b3 a5 23. g5 e5 24. Bb2 a4 25. gxh6 axb3 26. axb3 g6 27. Rc1 Qa5 28. Rc4 Kh7 29. f4 Be6 30. f5 Bxc4 31. dxc4 Ra8 32. Qf3 (32. h5 $1 $15 Qa7 (32... Kxh6 33. hxg6+)) 32... Bf6 (32... Kxh6 $2 33. f6 Bd8 (33... Qa2+ $2 34. Kc2 $18) 34. h5 $18) (32... Qa2+ $6 33. Kc2 $11) 33. fxg6+ fxg6 (33... Kxh6 34. Qh5+ Kg7 35. Qh7#) 34. h5 {[%emt 0:00:12] [#]} g5 (34... Kxh6 35. hxg6+ Kg7 36. Nh5+ Kxg6 37. Qf5+ Kf7 38. Qd7+ (38. Nxf6 Qa2+ 39. Kc2 Qxb2+ 40. Kxb2 Ra2+ 41. Kxa2 Ra8+ 42. Kb2 Kg7 43. Rh7+ Kf8 44. Nd7+ Kg8 45. Qg6#) (38. Qxf6+ Ke8 $18) 38... Be7 39. Rf1+ Kg6 40. Rg1+ (40. Qg4+ Bg5 $18) 40... Kh6 41. Bc1+ (41. Qxe7 Qa2+ 42. Kc1 Qa1+ 43. Bxa1 Rxa1+ 44. Kb2 Rxg1 45. Qxf8+ Kxh5 46. Qh8+ Kg5) (41. Qe6+ Rf6 42. Bc1+ Kh7 43. Nxf6+ Bxf6 44. Qh3+ Bh4 45. Qxh4#) (41. Qxe7 Qa2+ 42. Kc1 Qa1+ 43. Bxa1 Rxa1+ 44. Kb2 Rxg1 45. Qxf8+ Kxh5 46. Qh8+ Kg4) (41. Qe6+ Rf6 42. Bc1+ Kh7 43. Nxf6+ Bxf6 44. Qh3+ Bh4 45. Qxh4#)) (34... Qa2+ $6 35. Kc2 gxh5 (35... Kxh6 36. hxg6+ Kg7 37. Rh7+ Kg8 38. Nf5) 36. Ra1 Qxa1 37. Bxa1 Rxa1 38. c5 $11 (38. Qxh5 Bd8 $11) (38. Nxh5 $2 Bg7 $19) (38. Qxh5 Bd8 $11) (38. Nxh5 $2 Bg7 $19)) ({Black should try} 34... gxh5 $1 $17 {...Qa7 is the strong threat.} 35. Qxh5 (35. Qf5+ Kh8 $15) 35... Be7 (35... Qa2+ 36. Kc2 $11)) 35. Rd1 Qa7 (35... Kxh6 $2 36. Rxd6 Kg7 37. Qf5 $18 (37. h6+ Kg8 $18)) (35... Qa2+ 36. Kc2 $11) (35... Be7 $15 36. Nf5 Qa2+ 37. Kc2 Qa7) 36. Nf5 {[%emt 0:00:41] [#]} (36. Qf5+ $11 Kh8 37. Rxd6 Qa2+ 38. Kc2) 36... g4 (36... Qa2+ 37. Kc2 Qa7 38. Rf1 $11 (38. Rxd6 Rad8 $11) (38. Nxd6 Bg7 $11)) (36... Be7 $1 $15) 37. Qxg4 $11 Rg8 38. Ng7 (38. Qf3 $11) 38... Qe3 (38... Qa2+ 39. Kc2 Ra3 40. Rd3 $11) (38... Be7 $15 39. Rg1 Bh4) 39. Qg6+ (39. Rxd6 Qxb3 40. Qg6+ (40. Rxf6 Qd3+ 41. Kc1 Qe3+ 42. Kb1 Qe1+ 43. Kc2 b3+ 44. Kxb3 Rgb8+ 45. Kc2 Rxb2+ 46. Kxb2 Qd2+ 47. Kb3 Rb8+) 40... Kh8 41. Qxf6 Qa2+ (41... Qxc4 42. Ne6+ Kh7 43. Rd7+) (41... Rgf8 42. Ne8+ Rxf6 43. Nxf6 $19) 42. Kc1 Rgf8 43. Bxe5 Qxc4+ 44. Kd1 Rxf6 45. Bxf6 Qf1+ (45... Qxe4 46. Nf5+ Kg8 47. h7+ Kxh7 48. Rd7+ Kg8 49. Rg7+ Kf8 50. Be7+ $14) 46. Kd2 Qf4+ 47. Kc2 Qh2+ (47... Qxd6 48. Ne8+ $11) (47... Qxe4+ $2 48. Kb3 $19) (47... Qf2+ $2 48. Kd3 $19) 48. Kb1 Qa2+ (48... Qxd6 49. Ne8+ $11) 49. Kc1 Rc8+ 50. Kd1 Qc2+ 51. Ke1 Qxe4+ 52. Kd1 Qf3+ 53. Kd2 Qf4+ 54. Kd3 Qxd6+ 55. Bd4 Kh7 (55... Qxh6 56. Nf5+ Kh7 57. Nxh6 $19) 56. Ke4 Qxh6 57. Kd5 Qc6+ 58. Ke5 Kxg7 (58... Qc7+ 59. Kf5 Qd7+ 60. Ke4 Qg4+ 61. Ke3 Rc1 62. Kd3 Qf3+ 63. Be3 Rc3+ 64. Kd4 Qxe3+ 65. Kd5 Kxg7 66. Kd6 Kf6 67. Kd7 Qe7#) 59. Kf4+ Kh7 60. Be3 Qd5 61. Kg3 Qe4 (61... Qxh5 62. Kf4 Rc4+ 63. Bd4 Rxd4+ 64. Ke3 Qe5+ 65. Kf3 Rf4+ 66. Kg2 Qg5+ 67. Kh3 Rh4#) 62. Bg5 Rg8 63. Kf2 Rxg5 64. Kf1 Rg2 65. h6 Qe2#) 39... Kh8 40. Qxf6 (40. Rxd6 $2 {perishes.} Be7 41. Rd7 Qxb3 $19) 40... Qxe4+ 41. Kc1 Qe3+ 42. Kb1 (42. Rd2 $5 Qe1+ $8 43. Rd1 Qe3+ 44. Kb1 Qe4+ 45. Kc1 Qe3+ $11) 42... Qe4+ 43. Kc1 Qe3+ 1/2-1/2

[Event "Romanian Superliga 2024"]
[Site "Mamaia"]
[Date "2024.10.02"]
[Round "5.2"]
[White "Lupulescu, Constantin"]
[Black "Aryan Chopra"]
[Result "1-0"]
[ECO "D35"]
[WhiteElo "2590"]
[BlackElo "2620"]
[Annotator "TA"]
[PlyCount "119"]
[EventDate "2024.09.26"]
[EventType "team-tourn"]
[EventCountry "ROU"]
[SourceTitle "playchess.com"]
[Source "ChessBase"]
[SourceQuality "1"]
[TimeControl "40/5400+30:1800+30"]

1. c4 e6 2. Nc3 d5 3. d4 Nf6 4. cxd5 exd5 5. Bg5 Bb4 6. Qb3 a5 7. a3 Bxc3+ 8. Qxc3 {[%emt 0:00:27] White has an edge.} c6 9. e3 h6 10. Bh4 a4 11. Bd3 Be6 12. Qb4 Qa5 13. Bxf6 gxf6 14. Ne2 Rg8 15. g3 (15. O-O {simplifies} Qxb4 16. axb4 Ke7 17. b5) 15... Kd7 16. Kd2 (16. Qxa5 {simplifies} Rxa5 17. Rc1 Kc7 18. f3) 16... Kc7 17. Rhc1 Nd7 18. Nf4 Qxb4+ 19. axb4 Kd6 20. Ra3 b5 21. Rca1 {[%emt 0:09:39] White has more active pieces.} Nb6 22. b3 {[%emt 0:00:56] Prevents Nc4+} Bg4 23. bxa4 Rxa4 24. Rxa4 bxa4 25. Kc3 Ra8 26. Bc2 (26. Rc1 {looks sharper.} a3 27. h3 a2 28. Ra1) 26... Ke7 27. Ra2 Bc8 28. Nd3 Bf5 29. Bd1 Bxd3 30. Kxd3 $16 {[%emt 0:00:04][%mdl 4096] Endgame. KRB-KRN} f5 31. Kc3 Ke6 32. Be2 Nc8 33. Rc2 (33. b5 $16) 33... Nd6 34. Kb2 Kd7 35. Ka3 Ne4 36. Bd3 h5 37. h4 Kd6 38. Bxe4 fxe4 {[%emt 0:00:02] KR-KR} 39. Rc5 f5 (39... Re8 {might work better.} 40. Kxa4 Rb8) 40. Ra5 $18 Rg8 41. Kxa4 (41. Rxa4 f4 42. gxf4 (42. exf4 e3 $14) 42... Rg2 $16) 41... f4 42. exf4 (42. gxf4 Rg1 43. b5 Ra1+ 44. Kb4 Rb1+ 45. Kc3 cxb5 46. Ra6+ Kd7) 42... e3 43. fxe3 {[%emt 0:00:08] [#] Hoping for Ra6.} Rxg3 44. Ra6 {[%emt 0:00:54] Black must now prevent b5.} ({Not} 44. f5 Rxe3 45. Ra6 Re1 $11) 44... Kd7 45. b5 cxb5+ (45... Rxe3 46. bxc6+ (46. Rxc6 Re4 $11) 46... Kd6) 46. Kxb5 Rxe3 47. Kc5 Rh3 48. Kxd5 {[%emt 0:00:11] And now Ra7+ would win.} Rxh4 49. Ra7+ Ke8 50. Ke6 Kf8 51. d5 Rxf4 {[%emt 0:10:53] [#]} 52. Ra8+ $1 Kg7 53. d6 {[%emt 0:00:05] White mates.} Rf6+ 54. Kd5 Rf7 55. Kc6 Kg6 56. Ra5 h4 57. d7 Rf8 58. Kc7 h3 59. d8=Q ({And not} 59. d8=B h2 60. Ra1 Rh8 $11) 59... Rxd8 60. Kxd8 {[%emt 0:00:04] Weighted Error Value: White=0.14 (very precise) /Black=0.23 (precise) .  Mistake:       	White=1     	Black=2      Inaccurate:     	White=2     	Black=6      OK:         	White=14    	Black=14     Best:        	White=2     	Black=1} 1-0

[Event "Romanian Superliga 2024"]
[Site "Mamaia"]
[Date "2024.10.02"]
[Round "5.3"]
[White "Nisipeanu, Liviu-Dieter"]
[Black "Motylev, Alexander"]
[Result "1-0"]
[ECO "B50"]
[WhiteElo "2580"]
[BlackElo "2582"]
[Annotator "TA"]
[PlyCount "73"]
[EventDate "2024.09.26"]
[EventType "team-tourn"]
[EventCountry "ROU"]
[SourceTitle "playchess.com"]
[Source "ChessBase"]
[SourceQuality "1"]
[TimeControl "40/5400+30:1800+30"]

1. e4 c5 2. Nf3 d6 3. Bc4 Nf6 4. d3 a6 5. O-O e6 6. Bb3 b5 7. Re1 Bb7 8. c3 {[%emt 0:00:38] The position is equal.} Be7 9. Bc2 Nbd7 10. Nbd2 Qc7 11. Nf1 O-O 12. Ng3 Rac8 13. Bf4 Rfe8 14. Rc1 Bf8 15. d4 e5 16. Bd2 g6 17. d5 c4 18. h3 a5 19. Be3 Rb8 20. Qd2 Rec8 21. a3 Ba8 22. Ra1 Nc5 23. Bh6 Bxh6 24. Qxh6 Qd8 25. Re3 Ncd7 26. Nh2 Kh8 {[%emt 0:01:33] ...Ng8 is the strong threat.} 27. Rf3 b4 (27... Qe7 $11 {remains equal.}) 28. axb4 $16 {[%emt 0:00:08] White is more active.} axb4 29. Ba4 $40 {[%emt 0:01:37][%mdl 128] Hoping for cxb4. White has some attack.} Nc5 $2 {[%emt 0:05:14][%mdl 8192] [#] Loses the game.} (29... bxc3 $14 30. bxc3 Ng8) 30. Rxf6 $1 $18 Rc7 {[%emt 0:01:15] [#]} (30... bxc3 31. bxc3) 31. Bd1 $1 Nd3 (31... bxc3 32. bxc3) 32. Ng4 Nxb2 33. cxb4 Nxd1 34. Rxd1 c3 35. Rc1 Rxb4 {[%emt 0:00:18] [#]} 36. Rxd6 $3 Qxd6 {[%emt 0:01:10] [#]} (36... Qg8 37. Nf6) 37. Nf6 $1 {[%emt 0:00:12][%mdl 512] Weighted Error Value: White=0.15 (very precise) /Black=0.63.  Loses game:     	---       	Black=1      Mistake:       	---       	Black=1      Inaccurate:     	White=1     	---        OK:         	White=6     	Black=7      Brilliant:      	White=1     	---} 1-0

[Event "Romanian Superliga 2024"]
[Site "Mamaia"]
[Date "2024.10.02"]
[Round "5.4"]
[White "Gavrilescu, David"]
[Black "Nanu, Costica-Ciprian"]
[Result "0-1"]
[ECO "B07"]
[WhiteElo "2547"]
[BlackElo "2525"]
[Annotator "TA"]
[PlyCount "170"]
[EventDate "2024.09.26"]
[EventType "team-tourn"]
[EventCountry "ROU"]
[SourceTitle "playchess.com"]
[Source "ChessBase"]
[SourceQuality "1"]
[TimeControl "40/5400+30:1800+30"]

1. e4 d6 2. d4 Nf6 3. Nc3 g6 4. Bf4 c6 5. e5 Nh5 6. Be3 {[%emt 0:02:12] B07: Pirc Defence: Miscellaneous Systems.} dxe5 7. dxe5 Qxd1+ $146 ({Predecessor:} 7... Qa5 8. Qd2 Qxe5 9. O-O-O Qc7 10. Be2 Nd7 11. Bxh5 gxh5 12. Nf3 Bg7 13. Rhe1 Qa5 {½-½ Feher,T (2187)-Ianov,V (2408) Nyiregyhaza op 2004 (8)}) 8. Rxd1 Nd7 9. Nf3 Ng7 10. Bc4 h6 11. a4 Nb6 12. Be2 Bg4 13. a5 Nd7 14. e6 Bxe6 15. Nd4 Nf5 16. a6 bxa6 17. Nxe6 fxe6 18. Bc1 Bg7 19. Ne4 Nd4 20. c3 Nxe2 21. Kxe2 Rb8 22. Rd3 Rb5 23. Rhd1 Rd5 24. c4 Rxd3 25. Rxd3 Ne5 26. Ra3 Nxc4 27. Rxa6 Nd6 28. Nxd6+ exd6 29. Rxa7 Bd4 30. Rb7 O-O 31. f3 Rf7 32. Rb4 c5 33. Rb6 Be5 34. f4 Bxf4 35. Bxf4 Rxf4 36. Rxd6 Rb4 37. Rxe6 Rxb2+ 38. Kf3 Kf7 39. Rc6 Rc2 40. g4 Rc3+ 41. Ke4 Rc4+ 42. Kf3 h5 43. g5 Rc1 44. Rf6+ Kg7 45. Rc6 c4 46. Rc7+ Kf8 47. Ke4 c3 48. Kd3 Rg1 49. Rc5 Rg2 50. Kxc3 Rxh2 51. Kd3 Rh4 52. Ke3 Kf7 53. Kf3 Rd4 54. Ke3 Ra4 55. Kf3 Ra6 56. Ke4 Ke6 57. Re5+ $1 Kd6 58. Rd5+ Ke7 59. Rb5 $1 Re6+ 60. Kf4 Kd6 61. Ra5 Kc6 62. Kf3 Kb6 63. Rd5 $1 Rc6 64. Re5 Rc3+ 65. Kf4 Rc4+ 66. Kf3 Kc7 67. Re7+ Kb6 68. Re5 Rc5 69. Re6+ Rc6 70. Re5 Kc7 71. Ra5 Kd6 72. Kf4 Rc4+ 73. Kf3 $1 Rc5 74. Ra6+ Rc6 75. Ra5 $2 (75. Rxc6+ $11 Kxc6 76. Ke4) 75... Ke6 $19 76. Ke4 {[%emt 0:01:46] [#]} Rc4+ $1 77. Ke3 $1 Rc1 78. Ke2 (78. Kf4 $11 {keeps the balance.}) 78... Rc3 $17 79. Rb5 $2 (79. Kd2 $17 Rc7 80. Ke3) 79... Ra3 $2 (79... Rc8 {Hoping for ...Rd8.} 80. Ke3 Rf8) 80. Rc5 $2 (80. Kd2) 80... Ra7 $19 81. Kf3 Rf7+ 82. Kg3 Rd7 83. Kf4 Rd4+ 84. Kg3 Rd5 85. Rc6+ Kf5 0-1

[Event "Romanian Superliga 2024"]
[Site "Mamaia"]
[Date "2024.10.02"]
[Round "5.5"]
[White "Ilinca, Felix-Antonio"]
[Black "Jianu, Vlad-Cristian"]
[Result "1-0"]
[ECO "B30"]
[WhiteElo "2417"]
[BlackElo "2478"]
[Annotator "TA"]
[PlyCount "81"]
[EventDate "2024.09.26"]
[EventType "team-tourn"]
[EventCountry "ROU"]
[SourceTitle "playchess.com"]
[Source "ChessBase"]
[SourceQuality "1"]
[TimeControl "40/5400+30:1800+30"]

1. e4 c5 2. Nf3 Nc6 3. Bc4 Nf6 4. e5 Ng4 5. Qe2 f6 6. exf6 {[%emt 0:00:44] B30: Sicilian: 2...Nc6 3 Bb5, lines without ...g6.} Nxf6 7. O-O e6 8. c3 d5 9. Bb3 Bd6 10. d4 O-O 11. dxc5 $146 ({Predecessor:} 11. Bg5 Bd7 12. Rd1 Qe8 13. dxc5 Bxc5 14. c4 Ng4 15. Bh4 Qh5 16. Bg3 Ne7 17. Bc2 {1-0 Dau,K (2309)-Mamedov,E (2321) Budapest Vezerkepzo GM New Year 2024 (5)}) 11... Bxc5 12. Be3 Bd6 13. Nbd2 Bd7 14. c4 Qe8 15. Rfe1 Qh5 16. h3 Rae8 17. Rad1 a6 18. a3 Kh8 19. Ba2 h6 (19... Ne7 $11) 20. Nf1 $16 b5 21. cxd5 exd5 22. Ng3 Qf7 (22... Bxg3 $11 {keeps the balance.} 23. fxg3 d4 24. Nxd4 Qxe2 25. Rxe2 Nxd4 26. Rxd4 Re5) 23. Qd3 Be6 24. Nf5 Bxf5 25. Qxf5 Rd8 26. Nd4 (26. Bxd5 Nxd5 27. Qxf7 (27. Qxd5 $2 Bh2+ 28. Kxh2 Rxd5 $19) 27... Rxf7 $17) 26... Ne7 27. Qd3 Ng6 28. Ne6 (28. Nf5 {simplifies} Rfe8 29. Nxd6 Rxd6 30. Bd4) 28... Qxe6 29. Qxg6 Qe5 30. g3 Qxb2 (30... Qe8 $16 {was called for.} 31. Qf5 Qe5) 31. Bb1 $1 $18 Rde8 32. Kg2 $2 (32. Rxd5 $18 Bxg3 33. Rd7 (33. fxg3 $2 Qc3 $19)) 32... Be5 $2 (32... Rxe3 $1 $11 {and Black has nothing to worry.} 33. Rxe3 Ne4 34. Bxe4 dxe4 (34... Qxf2+ $2 35. Kh1 $18)) 33. Bf5 $18 (33. Bc5 Kg8 34. Bf5 (34. Bxf8 Rxf8 35. Bf5 Kh8 $18) 34... Qa2) 33... Bc3 (33... Bxg3 $18 34. Bd4 (34. Kxg3 Qxa3 35. Kg2 Qe7 $18) 34... Qxd4 35. Rxd4 Rxe1 36. Qxg3 (36. Kxg3 $2 Rg1+ 37. Kf3 Rxg6 $19) 36... Re7) 34. Bc1 (34. Bxh6 $142 gxh6 35. Re6 (35. Qxh6+ Kg8 $18) 35... Qc2 36. Qxh6+ (36. Bxc2 Rxe6 37. Qxh6+ Kg8 $18) 36... Kg8 37. Qg6+ (37. Bxc2 Rxe6 $18) (37. Rxe8 Qxf2+ 38. Kxf2 Rxe8 $18) 37... Kh8 38. Rxf6 (38. Bxc2 Rxe6 $18) (38. Rxe8 Rxe8 39. Bxc2 Re7 $18) 38... Qxf5 39. Rxf5) 34... Qb3 35. Rxe8 $2 (35. Bxh6 $1 {mates} gxh6 36. Re6 (36. Qxh6+ Kg8 $18) 36... Rxe6 37. Qxh6+ Kg8 38. Bxe6+ Rf7 39. Qg6+ (39. Bxf7+ Kxf7 40. Rd3 b4 $16) 39... Kh8 40. Qxf7 (40. Rb1 Qa4 $18)) 35... Rxe8 $18 {[%emt 0:00:07] [#]} 36. Rd3 $1 ({And not} 36. Bxh6 gxh6 37. Rd3 (37. Qxh6+ Kg8 $11) 37... Qxa3 $14) 36... Qc4 37. Rf3 Qc7 {[%emt 0:01:59] [#]} (37... Re7 $16 {was worth a try.}) 38. g4 $1 $18 Be5 39. g5 $2 ({White should play} 39. Bd2 $18) 39... hxg5 $1 $11 (39... Qxc1 $2 {perishes.} 40. gxf6 Qg5+ 41. Qxg5 hxg5 42. f7 $18) 40. Bxg5 Qe7 $2 (40... Re7 $11) 41. Re3 1-0

[Event "Romanian Superliga 2024"]
[Site "Mamaia"]
[Date "2024.10.02"]
[Round "5.6"]
[White "Tudor, Henry Edward"]
[Black "Magold, Filip"]
[Result "1-0"]
[ECO "D94"]
[WhiteElo "2347"]
[BlackElo "2406"]
[Annotator "TA"]
[PlyCount "65"]
[EventDate "2024.09.26"]
[EventType "team-tourn"]
[EventCountry "ROU"]
[SourceTitle "playchess.com"]
[Source "ChessBase"]
[SourceQuality "1"]
[TimeControl "40/5400+30:1800+30"]

1. d4 Nf6 2. c4 g6 3. Nc3 d5 4. cxd5 Nxd5 5. e3 Bg7 6. Bc4 Nb6 7. Bb3 O-O 8. Nf3 c5 9. O-O cxd4 10. exd4 Nc6 11. d5 Na5 12. h3 {[%emt 0:04:12] Prevents Bg4.} Nxb3 13. axb3 Bxc3 14. bxc3 {[%emt 0:00:07][%cal Bb2c3,Bc3c4][%mdl 32] aiming for Bh6. The position is equal.} Qxd5 15. Qe2 Bf5 (15... Qxb3 $11 16. Qxe7 Nd5) 16. c4 $14 {[%emt 0:03:15][%mdl 1024] White has compensation.} Qe6 17. Be3 Nd7 {[%emt 0:13:57] Black is weak on the dark squares} 18. Qb2 (18. Rxa7 $2 Rxa7 19. Qb2 Ra6 $19) (18. Rfe1 $14 {was preferrable.}) 18... Rfd8 (18... Rfe8 $11) 19. Rfe1 $1 $16 {[%emt 0:04:21] White is more active.} ({Much worse is} 19. Rxa7 $6 Rxa7 20. Bxa7 b6 $11) 19... f6 {[%emt 0:06:29] [#] Dodges Bg5} 20. Bc5 $1 Be4 (20... Nxc5 21. Rxe6) 21. Bxa7 {[%emt 0:02:25] And now Nd4 would win.} Rxa7 $2 {[%emt 0:00:10] Loses the game.} 22. Rxa7 $18 Nc5 23. Qa3 Qf5 24. Ra8 Rxa8 25. Qxa8+ Kf7 26. Re3 b6 (26... h5 $142 27. Qa5 Ne6 28. Qxf5 Bxf5) 27. Qd8 Ne6 28. Qxb6 Nf4 (28... Bxf3 $142 29. Rxf3 Qb1+ 30. Kh2 Qb2) 29. Qb5 e5 $2 {[%emt 0:00:01] [#]} (29... Qxb5 30. cxb5 Ba8) 30. Nh4 {[%emt 0:00:12] White is clearly winning.} Qg5 31. Qd7+ Kg8 32. Rxe4 Qxh4 33. Re1 {[%emt 0:00:35] Weighted Error Value: White=0.51/Black=0.68.  Loses game:     	---       	Black=1      Mistake:       	White=1     	Black=5      Inaccurate:     	White=3     	Black=2      OK:         	White=5     	Black=5      Best:        	---       	Black=1      Strong:       	White=1     	---} 1-0